AoeStats
← Pab Mienko

MegaRandom

504462973Analyzed
2v2 RM · 28d ago on Sep 5, 2026· 25m 2s· 4 players
Game mode
Random Map
Map size
Medium (4 player)
Population
200
Speed
Normal
Resources
Standard
Victory
Conquest
Starting age
Dark Age
Ending age
Imperial Age
RankedLock teamsTeams togetherTeam positionsShared explorationLock speedFull tech treeHidden civsTurbo modeCheats
Victory
Defeat
🇹🇷 Mongols · Türkiye
796
+12
🇹🇷 Tatars · Türkiye
783
+13
🇦🇹 Teutons · Austria
733
-13
🇮🇳 Franks · India
687
-12
Vienna420
13:00 Feudal Age
11:16 Loom
19:58 Castle Age
18:03 Arson
18:33 Horse Collar
18:54 Double-Bit Axe
18:56 Man-at-Arms
21:54 Gambesons
22:33 Scale Mail Armor
22:57 Forging
23:35 Heavy Plow
24:08 Bow Saw
24:11 Stone Mining
24:43 Long Swordsman
julienPlvg91
0:36 Loom
12:18 Feudal Age
12:54 Double-Bit Axe
20:22 Castle Age
20:29 Gold Mining
20:29 Stone Mining
25:07 Bow Saw
Pab Mienko
9:43 Feudal Age
8:00 Loom
16:34 Castle Age
14:51 Double-Bit Axe
16:17 Fletching
20:28 Medium Warships
Righteous
3:12 Loom
11:35 Feudal Age
12:20 Double-Bit Axe
13:56 Wheelbarrow
13:13 Gold Mining
13:32 Fishing Lines
14:01 Man-at-Arms
14:30 Arson
15:05 Town Watch
18:11 Scale Mail Armor
19:04 Forging
21:52 Horse Collar
22:05 Stone Mining
24:04 Bloodlines
Connection lost

Rejoining the realm…

Still unreachable

The connection could not be restored.

Session expired

The server has moved on; the page needs a fresh start.